 Dungeon Crawl Stone Soup version 0.31-a0-765-g67fe2935dc (webtiles) character file.

Game seed: 16228276254752094873

31 thriggle the Poker (level 3, -2/28 HPs)
             Began as a Merfolk Gladiator on Sept 15, 2023.
             Was a Follower of Nemelex Xobeh.
             Slain by a worm (4 damage)
             ... on level 2 of the Dungeon.
             The game lasted 00:02:17 (901 turns).

thriggle the Poker (Merfolk Gladiator)               Turns: 901, Time: 00:02:18

Health: -2/28      AC:  4    Str: 14    XL:     3   Next: 22%
Magic:  3/3        EV: 13    Int:  7    God:    Nemelex Xobeh [*.....]
Gold:   47         SH:  0    Dex: 17    Spells: 3/3 levels left

rFire   . . .        a - +0 trident
rCold   . . .        (no shield)
rNeg    . . .        b - +0 leather armour
rPois   .            l - +0 helmet
rElec   .            (no cloak)
rCorr   .            (no gloves)
SInv    .            (no boots)
Will    .....        (no amulet)
Stlth   ++           (no ring)
HPRegen 0.24/turn    (no ring)
MPRegen 0.08/turn

%: no passive effects
@: no status effects
A: (nimble swimmer 2), mertail
a: Renounce Religion, Draw Escape, Draw Destruction, Draw Summoning


You were on level 2 of the Dungeon.
You worshipped Nemelex Xobeh.
Nemelex Xobeh was aware of your devotion.
You visited 1 branch of the dungeon, and saw 2 of its levels.

You collected 47 gold pieces.

Inventory:

Hand Weapons
 a - a +0 trident (weapon)
Missiles
 d - 3 throwing nets (quivered)
 e - 5 javelins
 f - 3 stones
 m - 3 boomerangs
Armour
 b - a +0 leather armour (worn)
 c - a +0 helmet
 l - a +0 helmet (worn)
Scrolls
 i - a scroll of revelation
 k - a scroll of immolation {unknown}
 n - a scroll of fog
 o - a scroll of identify
Potions
 g - a potion of enlightenment {unknown}
 h - a potion of haste {unknown}
 j - a potion of heal wounds {unknown}


   Skills:
 + Level 2.5 Fighting
 + Level 4.3 Polearms
 + Level 2.2 Throwing
 + Level 4.3 Dodging
 + Level 1.0 Stealth
 + Level 0.6 Spellcasting
 + Level 0.3 Invocations


You had 3 spell levels left.
You didn't know any spells.
Your spell library was empty.

Dungeon Overview and Level Annotations

Branches:
Dungeon (2/15)

Altars:
Nemelex Xobeh


Innate Abilities, Weirdness & Mutations

((You are very nimble when in or above water. (Stealth+, EV+, Speed+++)))
Your lower body shifts to a powerful aquatic tail in water.


Message History

You are frozen.
You puncture the endoplasm!
You kill the endoplasm!
Found 4 stones.
A dart slug and a worm come into view.
Reach: a) +0 trident
Press: ? - help, Dir - move target, f - dart slug
Aim: a dart slug (about 7% to evade your +0 trident)
You reach to attack!
You hit the dart slug.
The dart slug is lightly wounded.
Reach: a) +0 trident
Press: ? - help, Dir - move target, f/p - dart slug
Aim: a dart slug (lightly wounded, about 7% to evade your +0 trident)
You reach to attack!
You puncture the dart slug!
The dart slug is almost dead.
You hit the dart slug.
The dart slug is almost dead.
The dart slug bites you.
You hit the dart slug.
You kill the dart slug!
You hit the worm but do no damage. The worm barely misses you.
You hit the worm but do no damage. You puncture the worm!
The worm is moderately wounded.
The worm completely misses you.
You hit the worm.
The worm is heavily wounded.
The worm bites you!
* * * LOW HITPOINT WARNING * * *
You hit the worm.
The worm is severely wounded.
You barely miss the worm.
The worm is severely wounded.
The worm bites you.
* * * LOW HITPOINT WARNING * * *
You hit the worm but do no damage.
The worm is severely wounded.
The worm bites you.
You die...
Your body disappears without a glow.

####...
.....(#.######
.............
.....#......### #
#<...........
#.##......(..####
.........w......
#.....@.......
#.....###.....
####.....# ...
#........# .
#.##...#.#
...#.#.<#.......
........#.#.####
..##..#.#.#.#
#....#.#.#


You could see a worm.

Vanquished Creatures
  An adder (D:2)
  A dart slug (D:2)
  2 endoplasms
  A giant cockroach (D:1)
  2 hobgoblins (D:1)
  3 jackals (D:1)
  2 kobolds (D:1)
  2 quokkas
  2 ball pythons (D:1)
  A goblin (D:1)
  2 rats (D:2)
19 creatures vanquished.

Notes
Turn   | Place    | Note
-------+----------+-------------------------------------------
     0 | D:1      | thriggle the Merfolk Gladiator began the quest for the Orb.
     0 | D:1      | Reached XP level 1. HP: 16/16 MP: 1/1
   232 | D:1      | Reached XP level 2. HP: 23/23 MP: 2/2
   238 | D:1      | Found a faded altar of an unknown god.
   245 | D:1      | Prayed at the altar of an unknown god.
   245 | D:1      | Became a worshipper of Nemelex Xobeh the Trickster
   245 | D:1      | Reached * piety under Nemelex Xobeh
   880 | D:2      | Reached skill level 1 in Stealth
   880 | D:2      | Reached XP level 3. HP: 16/28 MP: 3/3
   901 | D:2      | Slain by a worm

Illustrated notes

Levels and vault maps discovered:
D:1:      evilmike_arrival_plus, layout_basic, dreamdust_ecumenical_altar_grove
D:2:      layout_basic

Skill      XL: |  1  2 |
---------------+-------+-----
Stealth        | 1 |  1.0
Fighting       | |  2.5
Polearms       | |  4.3
Throwing       | |  2.2
Dodging        | |  4.3
Spellcasting   | |  0.6
Invocations    | |  0.3

Action                     || total
---------------------------++-------
  Melee: Trident           ||    68
         Punch             ||     1
    Use: Scroll            ||     3
   Stab: Sleeping          ||     2
 Armour: Leather armour    ||    18
  Dodge: Dodged            ||    45

Table legend: (Time is in decaauts)
 A = Elapsed time spent in this place.
 B = Non-inter-level travel time spent in this place.
 C = Inter-level travel time spent in this place.
 D = Time resting spent in this place.
 E = Time spent auto-exploring this place.
 F = Levels seen in this place.
 G = Mean time per level.
                   A        B        C        D        E       F      G
               +--------+--------+--------+--------+--------+-----+--------+
         Total |    906 |    897 |      9 |      0 |    694 |   2 |  453.0 |
       Dungeon |    906 |    897 |      9 |      0 |    694 |   2 |  453.0 |
               +--------+--------+--------+--------+--------+-----+--------+

Top non-repeatable levels by time:
     D:1: 875 daAuts
     D:2: 31 daAuts
